 Dungeon Crawl Stone Soup version 0.27-a0-1332-g84bddb5ca7 (webtiles) character file.

Game seed: 10031754957478387208

190 Brandom the Sneak (level 5, -7/63 HPs)
             Began as a Demonspawn Delver on June 25, 2021.
             Killed by divine providence
             ... invoked by an orc priest
              (16 damage)
             ... on level 3 of the Dungeon.
             The game lasted 00:06:24 (4213 turns).

Brandom the Sneak (Demonspawn Delver)               Turns: 4213, Time: 00:06:24

Health: -7/63      AC: 22    Str: 14    XL:     5   Next: 41%
Magic:  5/5        EV:  2    Int: 11    God:
Gold:   72         SH: 21    Dex: 14    Spells: 4/4 levels left

rFire    . . .     SeeInvis .   a - +0 falchion
rCold    . . .     Faith    .   n - +2 tower shield
rNeg     + + +     Spirit   .   (armour currently unavailable)
rPois    +         Reflect  +   (helmet currently unavailable)
rElec    .         Harm     .   (cloak currently unavailable)
rCorr    .         Rampage  .   (gloves currently unavailable)
Will     .....     NoTele   +   (boots currently unavailable)
Stlth    +++.......             g - amulet of reflection
HPRegen  0.20/turn              (no ring)
MPRegen  0.09/turn              (no ring)

@: tree-form, very slightly contaminated, invisible
A: stationary, stasis, torment immunity, boosted hp, condensation shield,
evolution 1
a: no special abilities


You were on level 3 of the Dungeon.
You were a tree.
You visited 1 branch of the dungeon, and saw 5 of its levels.

You collected 72 gold pieces.

Inventory:

Hand Weapons
 a - a +0 falchion (weapon)
Armour
 b - a +0 leather armour
 n - a +2 tower shield (worn)
   (You found it on level 3 of the Dungeon)
 o - a +0 ring mail (melded)
   (You found it on level 3 of the Dungeon)
Jewellery
 g - an amulet of reflection (around neck)
   (You found it on level 2 of the Dungeon)
Wands
 v - a wand of digging (3)
Scrolls
 c - a scroll of fog
 d - a scroll of magic mapping
 e - 2 scrolls of fear
 j - a scroll of blinking {unknown}
 l - a scroll of identify {unknown}
 m - a scroll of summoning {unknown}
Potions
 f - 2 potions of haste {@q3}


   Skills:
 * Level 4.2 Fighting
 * Level 3.3 Long Blades
 + Level 1.7 Armour
 + Level 2.5 Dodging
 - Level 4.5 Stealth
 + Level 0.0 Shields


You had 4 spell levels left.
You didn't know any spells.
Your spell library was empty.

Dungeon Overview and Level Annotations

Branches:
Dungeon (5/15)
 Temple: D:4-7

Altars:

Shops:
D:3 ?


Innate Abilities, Weirdness & Mutations

You are a tree.
Your roots penetrate the ground, keeping you stationary.
You cannot be teleported.
You are immune to unholy pain and torment.
Your maximum health is greatly increased.
Your equipment is partially melded.
A meltable shield of frost defends you. (SH +4)
You evolve.


Message History

You hit the orc priest.
A bat comes into view.
You block the orc priest's attack.
The orc priest hits you with a +0 dagger.
You hit the orc priest but do no damage.
You block the orc priest's attack.
Your ring mail prevents you from hitting the orc priest.
The bat barely misses you. You block the orc priest's attack.
You block the bat's attack.
The orc priest mumbles some strange prayers to Beogh against you.
Beogh smites you!
* * * LOW HITPOINT WARNING * * *
The bat barely misses you.
You hit the orc priest but do no damage.
You block the bat's attack. The orc priest barely misses you.
You riposte.
Your shield prevents you from hitting the orc priest.
You block the bat's attack. You block the orc priest's attack.
Your shield prevents you from hitting the orc priest.
You block the bat's attack. x2
The orc priest mumbles some strange prayers to Beogh against you.
Pain shoots through your body!
* * * LOW HITPOINT WARNING * * *
Unknown command.
Sorry, you're not good enough to have a special ability.
It was a potion of invisibility.
You fade into invisibility!
You block the bat's attack. You block the orc priest's attack.
You are very lightly contaminated with residual magic.
You hit the orc priest but do no damage.
The bat closely misses you. You block the orc priest's attack.
You closely miss the orc priest. The bat hits you.
* * * LOW HITPOINT WARNING * * *
You block the orc priest's attack. You block the bat's attack.
Unknown command.
It was a potion of mutation.
You feel extremely strange.
You feel nature experimenting on you.
Don't worry, failures die fast.
You block the bat's attack. x2; You block the orc priest's attack.
It was a potion of lignification.
You turn into a tree.
Your +0 ring mail melds into your body.
Your roots penetrate the ground.
The bat hits you but does no damage. You block the orc priest's attack.
You barely miss the orc priest. You block the bat's attack. x2
You block the orc priest's attack.
A quokka comes into view.
The orc priest hits you but does no damage.
You hit the orc priest but do no damage.
The bat hits you but does no damage. You block the bat's attack.
The bat hits you but does no damage.
The orc priest calls down the wrath of Beogh upon you.
Beogh smites you!
You die...

.............#.#
#..#$..........#
.......o..r∩..#
.............#
#........)..#.# ##
#..#.##......#.### ..
##..# . #####......## #.
....#.#######)......# #.
............♣b...####
##.#............o..#..#
.#.<.###.................
..#...............####....
..................# ####
....#<............#
....#...#...^.###.#
.......###........#
.>).#..........#..#


You could see an orc priest, a quokka (wandering) and a bat.

Vanquished Creatures
  Jessica (D:1)
  Natasha (thrice) (D:2)
  3 adders
  A worm (D:2)
  2 dart slugs (D:2)
  An orc (D:3)
  3 ball pythons (D:2)
  6 endoplasms
  2 giant cockroaches (D:2)
  7 goblins
  3 hobgoblins
  4 jackals (D:1)
  A quokka (D:2)
  4 bats
  2 frilled lizards (D:1)
  8 kobolds
  5 rats
56 creatures vanquished.

Vanquished Creatures (others)
  An orc (D:3)
1 creature vanquished.

Grand Total: 57 creatures vanquished

Notes
Turn   | Place    | Note
-------+----------+-------------------------------------------
     0 | D:5      | Brandom the Demonspawn Delver began the quest for the Orb.
     0 | D:5      | Reached XP level 1. HP: 18/18 MP: 1/1
    23 | D:4      | Noticed an ogre
   357 | D:1      | Gained mutation: A meltable shield of frost defends you.
                  | (SH +4) [demonic ancestry]
   357 | D:1      | Reached XP level 2. HP: 22/24 MP: 2/2
  1190 | D:1      | Reached XP level 3. HP: 29/29 MP: 3/3
  1231 | D:1      | Reached skill level 1 in Armour
  2326 | D:2      | Noticed Jessica
  2375 | D:1      | Killed Jessica
  2469 | D:2      | Reached XP level 4. HP: 35/37 MP: 4/4
  2842 | D:2      | Noticed Natasha
  2865 | D:2      | Killed Natasha
  3046 | D:2      | Noticed Natasha
  3056 | D:2      | Killed Natasha
  3057 | D:2      | Reached XP level 5. HP: 27/42 MP: 5/5
  3204 | D:2      | Noticed Natasha
  3214 | D:2      | Killed Natasha
  4167 | D:3      | Found Desu's Magic Scroll Emporium.
  4210 | D:3      | Gained mutation: You evolve. [potion of mutation]
  4213 | D:3      | Killed from afar by an orc priest

Illustrated notes

Levels and vault maps discovered:
D:1:      evilmike_arrival_crescent, layout_loops_corners,
          chequers_serial_rivers_large_b
D:2:      layout_basic, minmay_hexomino_u4, uniq_jessica, uniq_natasha
D:3:      layout_rooms, lemuel_tele_altar, lemuel_round_altar, serial_shops,
          shop, basic_ecumenical_altar, wad_rectangle_vault
D:4:      layout_rooms, kennysheep_orc_sif_temple,
          gammafunk_temple_overflow_pools, serial_shops,
          nicolae_shop_competitors_out_of_business
D:5:      layout_loops_ring, uniq_duvessa

Skill      XL: |  1  2  3  4 |
---------------+-------------+-----
Long Blades    | 2 3 |  3.3
Dodging        | 2 |  2.5
Armour         | 1 |  1.7
Fighting       | 4 |  4.2
Stealth        | |  4.5

Action                   |  1- 3 |  4- 6 || total
-------------------------+-------+-------++-------
Melee: Falchion          |    89 |    97 ||   186
  Use: Potion            |       |     3 ||     3
 Stab: Sleeping          |     3 |       ||     3
Armor: Leather armour    |    17 |    10 ||    27
       Skin              |       |     4 ||     4
       Ring mail         |       |     2 ||     2
Dodge: Dodged            |    46 |    42 ||    88
Block: Other             |    33 |    25 ||    58
       Reflection        |       |     3 ||     3
       Tower shield      |       |    33 ||    33
       Rpst.: Falchion   |    14 |    10 ||    24

Table legend: (Time is in decaauts)
 A = Elapsed time spent in this place.
 B = Non-inter-level travel time spent in this place.
 C = Inter-level travel time spent in this place.
 D = Time resting spent in this place.
 E = Time spent auto-exploring this place.
 F = Levels seen in this place.
 G = Mean time per level.
                   A        B        C        D        E       F      G
               +--------+--------+--------+--------+--------+-----+--------+
         Total |   4316 |   4203 |    113 |    356 |   3297 |   5 |  863.2 |
       Dungeon |   4316 |   4203 |    113 |    356 |   3297 |   5 |  863.2 |
               +--------+--------+--------+--------+--------+-----+--------+

Top non-repeatable levels by time:
     D:2: 2117 daAuts
     D:1: 2035 daAuts
     D:3: 130 daAuts
     D:5: 23 daAuts
     D:4: 10 daAuts
